Map: Frozen Temple

Players

PtitDrogo

  • Race: Protoss Protoss
  • League: Grandmaster

lIlIlIlIlIlI - Winner!

  • Race: Protoss Protoss
  • League: Grandmaster

VOD

Have the link to the VOD?

Description

Time

  • Played on: April 23, 2016, 12:12 p.m.
  • Length: 11:39
Show
View Real Time Build Order
Export as new Build Order

PtitDrogo Protoss 

Build Orders:  

Get SALT Encoding   

  12  0:00  Probe (Chrono Boost)  
  13  0:11  Probe (Chrono Boost)  
  14  0:17  Pylon  
  14  0:22  Probe (Chrono Boost)  
  15  0:35  Gateway, Probe (Chrono Boost)  
  16  0:41  Assimilator  
  16  0:45  Probe (Chrono Boost)  
  17  0:56  Probe (Chrono Boost)  
  18  0:57  Assimilator  
  18  1:02  Gateway  
  18  1:07  Probe (Chrono Boost)  
  19  1:17  Probe (Chrono Boost)  
  20  1:22  Cybernetics Core  
  20  1:28  Probe (Chrono Boost)  
  20  1:32  Pylon  
  21  1:38  Probe (Chrono Boost)  
  22  1:49  Probe (Chrono Boost)  
  23  1:59  Probe (Chrono Boost)  
  24  2:04  Stalker x2, Warp Gate (Chrono Boost)  
  28  2:11  Mothership Core (Chrono Boost)  
  30  2:17  Pylon  
  30  2:32  Probe  
  30  2:36  Stalker  
  30  2:37  Stalker  
  35  3:02  Nexus  
  35  3:10  Sentry x2  
  39  3:24  Pylon  
  39  3:42  Robotics Facility, Probe  
  40  3:54  Probe  
  41  3:57  Stalker x2  
  45  4:07  Probe  
  46  4:12  Probe  
  47  4:19  Probe  
  47  4:23  Probe  
  48  4:25  Twilight Council  
  48  4:31  Probe  
  50  4:32  Observer (Chrono Boost)  
  50  4:34  Probe  
  52  4:43  Probe  
  52  4:44  Probe  
  53  4:47  Pylon  
  54  4:53  Blink (Chrono Boost)  
  54  4:55  Probe (Chrono Boost)  
  54  4:56  Probe (Chrono Boost)  
  56  5:05  Probe  
  56  5:06  Probe  
  58  5:09  Nexus  
  58  5:11  Pylon  
  58  5:16  Probe  
  58  5:18  Probe, Immortal (Chrono Boost)  
  64  5:23  Assimilator  
  64  5:25  Assimilator  
  64  5:26  Probe  
  65  5:30  Probe  
  66  5:38  Probe  
  67  5:42  Probe  
  68  5:50  Probe  
  68  5:53  Gateway  
  68  5:55  Gateway, Probe  
  68  5:56  Immortal (Chrono Boost)  
  74  5:57  Gateway  
  74  6:02  Gateway, Probe  
  75  6:09  Probe  
  76  6:13  Stalker  
  76  6:17  Pylon  
  78  6:20  Probe x2  
  78  6:21  Probe  
  81  6:30  Probe  
  82  6:33  Probe x2, Phoenix  
  84  6:41  Probe  
  84  6:45  Probe x2  
  91  6:52  Probe, Dark Shrine, Warp Prism (Chrono Boost), Pylon  
  90  6:54  Templar Archives  
  90  6:57  Probe x2  
  92  7:02  Probe  
  92  7:03  Gateway  
  92  7:04  Gateway  
  93  7:09  Probe x2  
  93  7:13  Probe  
  96  7:19  Assimilator  
  96  7:20  Assimilator  
  96  7:21  Probe x2  
  98  7:23  Probe  
  98  7:29  Stalker  
  101  7:30  Stalker x4  
  101  7:32  Pylon  
  101  7:34  Pylon  
  101  7:36  Probe, Pylon  
  98  7:50  Stalker  
  81  7:56  Stalker  
  81  7:57  Stalker x4  
  72  8:06  Dark Templar x2  
  66  8:22  Stalker x3  
  66  8:23  Stalker x2  
  64  8:36  Stalker  
  64  8:41  Stalker x2  
  70  8:48  Dark Templar x2  
  74  8:52  Stalker  
  74  8:53  Archon  
  74  8:59  Probe  
  74  9:00  Probe x2  
  77  9:08  Dark Templar  
  77  9:09  Dark Templar  
  81  9:10  Probe, Zealot  
  81  9:12  Probe  
  81  9:14  Archon  
  87  9:28  Probe x2  
  88  9:31  Observer (Chrono Boost)  
  88  9:33  Forge  
  88  9:35  Charge  
  88  9:36  Nexus  
  88  9:38  Pylon  
  88  9:46  Sentry  
  88  9:49  Immortal (Chrono Boost)  
  94  10:03  Probe  
  94  10:05  Pylon  
  95  10:09  High Templar x2  
  95  10:10  Zealot x2  
  103  10:17  Archon  
  97  10:22  Immortal  
  91  10:33  Probe x3  
  94  10:37  Photon Cannon  
  94  10:38  Gateway  
  94  10:45  Mothership Core  
  94  10:47  Probe x3  
  99  10:51  High Templar x2  
  99  10:55  Photon Cannon, Archon  
  99  10:56  Immortal  
  103  10:59  Probe  
  103  11:02  Probe  
  103  11:03  Probe  
  110  11:06  Probe  
  110  11:11  High Templar x2, Probe  
  110  11:12  Zealot x4  
  110  11:16  Archon  
  121  11:25  High Templar  
  121  11:26  High Templar  
  121  11:28  Pylon  
  121  11:29  Pylon  
  122  11:35  Archon  
  122  11:38  Zealot x4  
Show
View Real Time Build Order
Export as new Build Order

lIlIlIlIlIlI Protoss - Winner!

Build Orders: Oracle Opening 

Get SALT Encoding   

  12  0:00  Probe (Chrono Boost)  
  13  0:11  Probe (Chrono Boost)  
  14  0:18  Pylon  
  14  0:22  Probe (Chrono Boost)  
  15  0:36  Gateway, Probe (Chrono Boost)  
  16  0:46  Probe (Chrono Boost)  
  16  0:48  Assimilator  
  17  0:52  Assimilator  
  18  0:57  Probe (Chrono Boost)  
  18  1:07  Probe (Chrono Boost)  
  18  1:08  Gateway  
  19  1:18  Probe (Chrono Boost)  
  20  1:25  Cybernetics Core  
  20  1:29  Probe (Chrono Boost)  
  21  1:34  Pylon  
  22  1:40  Probe (Chrono Boost)  
  22  1:50  Probe (Chrono Boost)  
  25  2:01  Warp Gate (Chrono Boost)  
  25  2:03  Adept x2  
  25  2:07  Mothership Core (Chrono Boost)  
  29  2:18  Pylon  
  29  2:25  Probe (Chrono Boost)  
  29  2:29  Stargate  
  30  2:37  Stalker (Chrono Boost)  
  32  2:47  Stalker (Chrono Boost)  
  34  3:11  Nexus  
  34  3:20  Oracle (Chrono Boost)  
  34  3:23  Probe  
  38  3:30  Pylon  
  38  3:38  Probe  
  39  3:46  Robotics Facility  
  39  3:50  Probe  
  40  4:02  Probe (Chrono Boost)  
  41  4:10  Pylon  
  41  4:13  Probe (Chrono Boost)  
  42  4:24  Probe x2 (Chrono Boost)  
  44  4:33  Probe (Chrono Boost)  
  44  4:34  Probe (Chrono Boost), Observer (Chrono Boost)  
  44  4:37  Twilight Council  
  47  4:41  Sentry  
  47  4:43  Probe  
  50  4:45  Assimilator  
  50  4:46  Probe  
  51  4:53  Probe, Immortal (Chrono Boost)  
  51  4:58  Probe  
  57  5:04  Probe  
  58  5:10  Probe  
  58  5:13  Blink (Chrono Boost)  
  59  5:16  Probe  
  60  5:23  Probe  
  60  5:24  Immortal  
  60  5:26  Assimilator  
  60  5:28  Probe, Pylon  
  61  5:34  Sentry  
  61  5:35  Probe  
  69  5:40  Probe  
  70  5:43  Gateway  
  70  5:47  Probe  
  70  5:48  Sentry, Pylon  
  73  5:52  Probe  
  74  5:58  Nexus  
  74  6:03  Pylon  
  74  6:06  Warp Prism  
  74  6:08  Sentry  
  78  6:18  Gateway  
  78  6:21  Gateway  
  78  6:24  Gateway  
  78  6:27  Sentry  
  78  6:28  Probe  
  78  6:30  Probe  
  82  6:33  Stalker  
  84  6:44  Sentry  
  84  6:45  Probe x2  
  88  6:52  Sentry, Observer  
  90  6:54  Pylon  
  90  6:56  Pylon  
  90  6:59  Probe x2  
  93  7:10  Stalker  
  93  7:11  Stalker  
  97  7:18  Stalker  
  97  7:19  Stalker x2  
  97  7:21  Probe x2  
  105  7:24  Stalker  
  97  7:54  Stalker x5  
  97  7:55  Stalker  
  93  8:08  Probe x2  
  95  8:18  Probe  
  92  8:20  Stalker x5  
  92  8:21  Stalker  
  92  8:22  Probe x2  
  104  8:27  Immortal  
  104  8:28  Probe  
  104  8:30  Assimilator  
  104  8:31  Assimilator  
  104  8:33  Forge  
  99  8:36  Probe  
  99  8:40  Probe  
  97  8:43  Stalker  
  97  8:44  Stalker x4  
  97  8:46  Stalker  
  109  9:01  Immortal  
  109  9:04  Pylon  
  113  9:13  Protoss Ground Weapons Level 1 (Chrono Boost)  
  113  9:16  Charge (Chrono Boost)  
  113  9:19  Photon Cannon  
  113  9:20  Photon Cannon  
  113  9:22  Pylon  
  113  9:24  Photon Cannon  
  113  9:33  Gateway  
  113  9:34  Gateway  
  113  9:35  Immortal  
  113  9:37  Templar Archives  
  117  9:46  Zealot x2  
  117  9:47  Zealot x3  
  127  10:00  Nexus  
  127  10:01  Pylon  
  127  10:09  Warp Prism  
  121  10:28  High Templar x2  
  121  10:29  High Templar x4  
  133  10:38  Archon x3  
  133  10:39  Photon Cannon  
  133  10:40  Pylon  
  133  10:41  Pylon  
  133  10:47  High Templar x2  
  137  10:51  Archon  
  137  10:54  Pylon  
  137  10:56  Pylon  
  137  11:01  Pylon  
  137  11:02  Pylon  
  137  11:05  Pylon  
  137  11:06  Zealot x5  
  137  11:07  Zealot  
  149  11:26  Zealot x6  
  149  11:27  Zealot x2  
Tags
 
Add a new tag
Caveats
  • Supply blocks, unpowered buildings, or Contaminate may cause inaccurate times.
  • Supply counts are checked every 10 seconds.